 Dungeon Crawl Stone Soup version 0.22-a0-396-g3f858e3 (webtiles) character file.

16 VajrapaniSR the Chucker (level 2, -1/19 HPs)
             Began as an Octopode Hunter on May 3, 2018.
             Slain by a leopard gecko (5 damage)
             ... on level 3 of the Dungeon.
             The game lasted 00:04:54 (704 turns).

VajrapaniSR the Chucker (Octopode Hunter)            Turns: 704, Time: 00:04:55

Health: -1/19      AC:  1    Str: 11    XL:     2   Next: 58%
Magic:  2/2        EV: 13    Int: 13    God:
Gold:   0          SH:  0    Dex: 12    Spells: 1/1 levels left

rFire    . . .     SeeInvis .     - Unarmed
rCold    . . .     Gourm    .   (no shield)
rNeg     . . .     Faith    .   (helmet restricted)
rPois    .         Spirit   .   (no amulet)
rElec    .         Reflect  .   f - ring of flight
rCorr    .         Harm     .   (no ring)
MR       .....                  (no ring)
Stlth    +++.......             (no ring)
HPRegen  0.06/turn              (no ring)
MPRegen  0.08/turn              (no ring)
                                (no ring)
                                (no ring)

@: no status effects
A: almost no armour, stealthy swim, amphibious, 8 rings, constrict 8, camouflage
1, gelatinous body 1
a: Evoke Flight


You were on level 3 of the Dungeon.
You were hungry.

You visited 1 branch of the dungeon, and saw 4 of its levels.

Inventory:

Missiles
 b - 6 javelins
 c - a throwing net (quivered)
Jewellery
 f - a ring of flight (left tentacle)
Scrolls
 e - a scroll of remove curse
 g - a scroll of amnesia {unknown}
Comestibles
 d - a ration {@w1}


   Skills:
 - Level 2.0 Fighting
 - Level 4.0 Throwing
 - Level 2.0 Dodging
 + Level 2.3 Stealth
 * Level 1.6 Unarmed Combat


You had one spell level left.
You didn't know any spells.

Dungeon Overview and Level Annotations

Branches:
Dungeon (4/15)
 Temple: D:4-7

Altars:

Annotations:
D:3 VajrapaniSR's ghost, weakling OpHu
D:4 Dowan; Duvessa


Innate Abilities, Weirdness & Mutations

You cannot wear most types of armour.
You are very stealthy in the water. (Stealth+)
You are amphibious.
You can wear up to eight rings at the same time.
You can use your tentacles to constrict eight enemies at once.
Your skin changes colour to match your surroundings (Stealth+).
Your rubbery body absorbs attacks. (AC +1, EV +1)


Message History

The howler monkey hits you. The leopard gecko closely misses you.
There is a stone staircase leading up, spattered with blood here.
You can't go down here!
The howler monkey closely misses you.
The orc wizard gestures at you while chanting.
The magic dart hits you!
* * * LOW HITPOINT WARNING * * *
Duvessa completely misses you. The leopard gecko closely misses you.
The orc wizard gestures wildly while chanting.
The orc wizard seems to speed up.
You climb upwards.
Level annotation: VajrapaniSR's ghost, weakling OpHu
There is a stone staircase leading down here.
Unknown command.
Throwing (i - inventory. (/) - cycle)
c - a throwing net (quivered)
Press: ? - help, Shift-Dir - straight line
Okay, then.
The howler monkey hoots and howls with incredible vigour!
The leopard gecko bites you.
You die...

#.# #.# #.# #.# #)# ##+#
#.# ##...## #.# ##.....##
##.# ##.......## ##@.#
#.........####ol.########
+.........'..h...........
#.........####....######
#.......## ##.#.####
##.....## ##.....#
##...## #..##.# ##'##
#..##.# ######.#####
#...#.#


You could see a howler monkey, an orc wizard and a leopard gecko.

Vanquished Creatures
  A leopard gecko (D:1)
  4 orcs
  A giant cockroach (D:3)
  2 hobgoblins (D:2)
  A bat (D:3)
  A frilled lizard (D:2)
  A rat (D:1)
11 creatures vanquished.

Notes
Turn   | Place    | Note
-------+----------+-------------------------------------------
     0 | D:1      | VajrapaniSR the Octopode Hunter began the quest for the Orb.
     0 | D:1      | Reached XP level 1. HP: 14/14 MP: 1/1
    85 | D:3      | Noticed an orc priest
    85 | D:3      | Noticed an orc wizard
    89 | D:2      | Reached skill level 1 in Unarmed Combat
   118 | D:2      | Reached XP level 2. HP: 7/19 MP: 2/2
   181 | D:3      | Noticed VajrapaniSR's ghost (weakling OpHu)
   357 | D:4      | Noticed Dowan
   357 | D:4      | Noticed a howler monkey
   359 | D:4      | Noticed Duvessa
   704 | D:3      | Slain by a leopard gecko

Vault maps used:
D:1:      evilmike_arrival_crescent
D:2:      kennysheep_decorative_pillar
D:3:      nicolae_overflow_crystal_walls, nicolae_tso_carved_into_rock
D:4:      minmay_temple_entry_hall, first_ration, uniq_duvessa

Skill      XL: |  1 |
---------------+----+-----
Unarmed Combat | 1 |  1.6
Stealth        | 2 |  2.3
Fighting       | |  2.0
Throwing       | |  4.0
Dodging        | |  2.0

Action                   || total
-------------------------++-------
Melee: Unarmed           ||    27
       Tentacles         ||     8
       Constrict         ||     9
       Punch             ||     1
Throw: Javelin           ||     3
       Throwing net      ||     3
  Use: Scroll            ||     1
 Stab: Sleeping          ||     1
Armor: Skin              ||     7
Dodge: Dodged            ||    33

Table legend:
 A = Spawn XP
 B = Non-spawn XP
 C = Spawn XP percentage of total XP
 D = Spawn monster count
 E = Non-spawn monster count
 F = Spawn count percentage of total count
 G = Total turns spent on level
                    A         B        C        D         E        F      G
               +---------+---------+-------+---------+---------+-------+---------
         Total |       0 |      24 |   0.0 |       0 |      11 |   0.0 |   704
               +---------+---------+-------+---------+---------+-------+---------
           D:1 |       0 |       4 |   0.0 |       0 |       2 |   0.0 |    64
           D:2 |       0 |       8 |   0.0 |       0 |       4 |   0.0 |   284
           D:3 |       0 |      12 |   0.0 |       0 |       5 |   0.0 |   349
               +---------+---------+-------+---------+---------+-------+---------
